 Dungeon Crawl Stone Soup version 0.13-a0-2477-geaae114 (webtiles) character file.

236 4tharraofdagon the Cudgeler (level 5, -2/41 HPs)
             Began as a Djinni Berserker on July 19, 2013.
             Was a Believer of Trog.
             Slain by Sigmund
             ... wielding a +0,+0 scythe
              (15 damage)
             ... on Level 7 of the Dungeon.
             The game lasted 00:02:59 (667 turns).

4tharraofdagon the Cudgeler (Djinni Berserker)       Turns: 667, Time: 00:02:59

HP  -2/41        AC  2     Str 17      XL: 5   Next: 39%
MP   0/0         EV 12     Int  8      God: Trog [**....]
Gold 49          SH  0     Dex 13      Spells:  0 memorised,  4 levels left

Res.Fire  : + + +   See Invis. : .   a - +0 mace
Res.Cold  : x . .   Warding    : .   b - +0 animal skin
Life Prot.: + + +   Conserve   : .   (no shield)
Res.Poison: .       Res.Corr.  : .   (no helmet)
Res.Elec. : .       Clarity    : .   (no cloak)
Sust.Abil.: . .     Spirit.Shd : .   (no gloves)
Res.Mut.  : .       Stasis     : .   (boots unavailable)
Res.Rott. : .       Flight     : .   (no amulet)
Saprovore : . . .                    (no ring)
                                     (no ring)

@: exhausted, slowed, very slow, slightly resistant to hostile enchantments,
unstealthy
A: no striking features
a: Burn Spellbooks, Berserk, Trog's Hand, Renounce Religion


You were on level 7 of the Dungeon.
You worshipped Trog.
Trog was most pleased with you.
You were not hungry.

You visited 1 branch of the dungeon, and saw 7 of its levels.

You collected 29 gold pieces.

Inventory:

Hand weapons
 a - a +0,+0 mace (weapon)
Armour
 b - a +0 animal skin (worn)
 k - a +0 large shield
Magical devices
 l - a wand of slowing (11)
Scrolls
 c - a scroll of teleportation {unknown}
 e - 3 scrolls of identify {unknown}
 g - a scroll of enchant armour {unknown}
 i - 2 scrolls of magic mapping {unknown}
 j - a scroll of silence {unknown}
Potions
 d - 2 potions of curing {unknown}
 f - 2 potions of might {unknown}
Books
 h - a book of Burglary

   Spells                             Type                      Level
   Apportation                        Translocation                1
   Swiftness                          Charms/Air                   2
   Passwall                           Transmutation/Earth          3
   Passage of Golubria                Translocation                4
   Lee's Rapid Deconstruction         Earth                        5
   Darkness                           Hexes                        7
   Trog disapproves of the use of such an item.


   Skills:
 + Level 3.8 Fighting
 * Level 5.4 Maces & Flails
 - Level 2.1 Armour
 - Level 1.7 Dodging


You had 4 spell levels left.
You didn't know any spells.

Dungeon Overview and Level Annotations

Branches:
Dungeon (7/27)
 Temple: D:4-7          Orc: D:6-11

Altars:
Trog

Shops:
D:6: +

Annotations
D:4 Duvessa
D:7 Sigmund


Message History

Your skin stops crawling.
You feel less resistant to hostile enchantments.
It hits you.
Your magical contamination has completely faded away.
You can move again.
You completely miss it. It hits you.
You hit it but do no damage.
Sigmund appears from thin air!
Reactivating autopickup.
Sigmund zaps a wand.
Sigmund flickers and vanishes!
Deactivating autopickup; reactivate with Ctrl-A.
It hits you.
You hit it. It barely misses you.
You closely miss it.
You hear some strange, mumbled words.
The puff of flame hits you! You resist.
Unknown command.
You hit it but do no damage. It hits you but does no damage.
You miss it. It hits you!
You miss it. It hits you!
You die...

. #. .# #.
###..# #.
.#...# #.
...#.### #.
#.....$.# #.
#.......#
#.#.###.......#
#...@........#
#.#.###.......#
... #.<..?..#
#### #.......#
#########


There were no monsters in sight!

Vanquished Creatures
  Blork the orc (D:7)
  A centaur skeleton (D:4)
  2 worker ants (D:6)
  2 adders
  3 giant cockroaches
  3 goblins
  3 hobgoblins
  7 jackals
  3 kobolds
  A bat (D:1)
  2 giant newts (D:1)
  A quokka skeleton (D:7)
  2 rats
31 creatures vanquished.

Notes
Turn   | Place    | Note
--------------------------------------------------------------
     0 | D:1      | 4tharraofdagon, the Djinni Berserker, began the quest for the Orb.
     0 | D:1      | Reached XP level 1. HP: 16/16 MP: 0/0
   225 | D:2      | Reached XP level 2. EP: 22/22
   259 | D:2      | Acquired Trog's second power
   381 | D:4      | Reached skill level 4 in Maces & Flails
   381 | D:4      | Reached XP level 3. EP: 3/29
   450 | D:4      | Found a bloodstained altar of Trog.
   515 | D:4      | Reached XP level 4. EP: 25/35
   550 | D:4      | Noticed Duvessa
   557 | D:5      | Entered Level 5 of the Dungeon
   612 | D:6      | Found Palien's Book Shoppe.
   637 | D:7      | Noticed Blork the orc
   637 | D:7      | Noticed Sigmund
   643 | D:7      | Reached skill level 5 in Maces & Flails
   655 | D:7      | Killed Blork the orc
   655 | D:7      | Reached XP level 5. EP: 41/41
   667 | D:7      | Slain by Sigmund

Action                   |  1- 3 |  4- 6 || total
-------------------------+-------+-------++-------
Melee: Mace              |    70 |    35 ||   105
Invok: Berserk           |     3 |     2 ||     5
       Trog's Hand       |       |     1 ||     1
